 Dungeon Crawl Stone Soup version 0.29.1-15-g9cfb28693d (webtiles) character file.

Game seed: 13148533581202437981

118 Mysteryquy the Skirmisher (level 5, -3/43 HPs)
             Began as a Gnoll Hunter on May 2, 2023.
             Splashed by a jelly's acid (11 damage)
             ... in a sewer.
             The game lasted 00:02:15 (1834 turns).

Mysteryquy the Skirmisher (Gnoll Hunter)            Turns: 1834, Time: 00:02:16

Health: -3/43      AC:  3    Str: 11    XL:     5   Next: 2%
Magic:  7/7        EV: 13    Int:  8    God:
Gold:   105        SH:  0    Dex: 17    Spells: 6/6 levels left

rFire   . . .      SeeInvis .   a - +0 shortbow
rCold   . . .      Faith    .   (shield currently unavailable)
rNeg    . . .      Spirit   .   c - +0 leather armour
rPois   .          Reflect  .   (no helmet)
rElec   .          Harm     .   (no cloak)
rCorr   .          Rampage  .   (no gloves)
Will    .....                   (no boots)
Stlth   +.........              (no amulet)
HPRegen 0.14/turn               (no ring)
MPRegen 0.10/turn               (no ring)

@: very slow
A: fangs 1, strong nose, distributed training
a: no special abilities


You were in a sewer.
You visited 1 branch of the dungeon, and saw 3 of its levels.
You also visited: Sewer.

You collected 105 gold pieces.

Inventory:

Hand Weapons
 a - a +0 shortbow (weapon)
Missiles
 j - a throwing net
Armour
 c - a +0 leather armour (worn)
Scrolls
 b - a scroll of immolation
 d - a scroll of magic mapping {unknown}
 f - a scroll of teleportation {unknown}
 g - 2 scrolls of enchant weapon {unknown}
 l - a scroll of butterflies {unknown}
 n - a scroll of noise {unknown}
Potions
 e - a potion of attraction {unknown}
 h - a potion of resistance {unknown}
 i - a potion of heal wounds {unknown}
 k - a potion of haste {unknown}
 m - a potion of curing {unknown}
 o - a potion of lignification {unknown}


   Skills:
 + Level 4.7 Fighting
 + Level 1.4 Short Blades
 + Level 1.4 Long Blades
 + Level 1.4 Axes
 + Level 1.4 Maces & Flails
 + Level 1.4 Polearms
 + Level 1.4 Staves
 + Level 8.6 Ranged Weapons
 + Level 1.4 Throwing
 + Level 1.4 Armour
 + Level 4.7 Dodging
 + Level 2.7 Stealth
 + Level 1.4 Shields
 + Level 1.4 Unarmed Combat
 + Level 1.4 Spellcasting
 + Level 1.1 Conjurations
 + Level 1.1 Hexes
 + Level 1.1 Summonings
 + Level 1.1 Necromancy
 + Level 1.1 Translocations
 + Level 1.1 Transmutations
 + Level 1.1 Fire Magic
 + Level 1.1 Ice Magic
 + Level 1.1 Air Magic
 + Level 1.1 Earth Magic
 + Level 1.1 Poison Magic
 + Level 1.5 Invocations
 + Level 1.4 Evocations


You had 6 spell levels left.
You didn't know any spells.
Your spell library was empty.

Dungeon Overview and Level Annotations

Branches:
Dungeon (3/15)              Sewer (1/1)

Altars:


Innate Abilities, Weirdness & Mutations

You have very sharp teeth.
Your uncanny sense of smell can sniff out nearby items.
Your experience applies equally to all skills.


Message History

The endoplasm is heavily wounded.
You shoot an arrow. The arrow hits the endoplasm.
The endoplasm is severely wounded.
You shoot an arrow. The arrow hits the endoplasm!
You kill the endoplasm!
No target in view!
No target in view!
No target in view!
You enter the shallow water.
Moving in this stuff is going to be slow.
You enter the shallow water.
Moving in this stuff is going to be slow.
A jelly comes into view.
Found a lumpy yellow potion.
You shoot an arrow. The jelly quivers.
The arrow hits the jelly.
The jelly is lightly wounded.
You shoot an arrow. The arrow hits the jelly.
The jelly is moderately wounded.
The jelly hits you.
You are splashed with acid!
The jelly hits you.
You are splashed with acid!
You are too injured to fight recklessly!
You are too injured to fight recklessly!
You are too injured to fight recklessly!
You are too injured to fight recklessly!
You are too injured to fight recklessly!
Fire: a) +0 shortbow
Press: ? - help, Q - select action, (/) - cycle Shift-Dir - straight line, f/p - jelly
Aim: a jelly (moderately wounded, 91% to hit)
You shoot an arrow. The arrow hits the jelly!
The jelly is almost dead.
The jelly hits you.
You are splashed with acid!
* * * LOW HITPOINT WARNING * * *
Okay, then.
Okay, then.
The jelly hits you.
* * * LOW HITPOINT WARNING * * *
You are splashed with acid!
You die...

.~.# ∆##~.~## ##.~
#~~.###....# #~~ #~~~.....##
#.. ###..~~†.###
###########†. #~~~~..~##!.##
#~..~~.~.~.~.
..~.~..†##..~###.~..~†...~.~
....~#~..##~.~##..##########
##~..##.~.##J~##..# ## #.~.
##~.~@~.##..# #≈ #..
#..~..###..#########≈ #..
#~.#### #~........~.. #~..#
#.~..~~...... ~....#
############≈ .~..~## #≈
###~.## ## #~.


You could see a jelly.

Vanquished Creatures
  A gnoll (D:1)
  A river rat (Sewer)
  4 adders
  A worm (D:2)
  A dart slug (D:1)
  3 bats
  13 endoplasms
  2 giant cockroaches (Sewer)
  2 goblins
  2 hobgoblins
  5 kobolds
  3 quokkas (D:2)
  8 ball pythons
  6 frilled lizards
  4 rats
56 creatures vanquished.

Notes
Turn   | Place    | Note
-------+----------+-------------------------------------------
     0 | D:1      | Mysteryquy the Gnoll Hunter began the quest for the Orb.
     0 | D:1      | Reached XP level 1. HP: 20/20 MP: 1/1
    40 | D:1      | Reached XP level 2. HP: 26/26 MP: 2/2
   272 | D:1      | Found a faded altar of an unknown god.
   356 | D:1      | Reached XP level 3. HP: 29/31 MP: 3/3
   746 | D:2      | Reached skill level 1 in Invocations
   766 | D:2      | Reached skill level 1 in Short Blades
   766 | D:2      | Reached skill level 1 in Long Blades
   766 | D:2      | Reached skill level 1 in Axes
   766 | D:2      | Reached skill level 1 in Maces & Flails
   766 | D:2      | Reached skill level 1 in Polearms
   766 | D:2      | Reached skill level 1 in Staves
   766 | D:2      | Reached skill level 1 in Throwing
   766 | D:2      | Reached skill level 1 in Armour
   766 | D:2      | Reached skill level 1 in Shields
   766 | D:2      | Reached skill level 1 in Unarmed Combat
   766 | D:2      | Reached skill level 1 in Spellcasting
   766 | D:2      | Reached skill level 1 in Evocations
   876 | D:2      | Reached XP level 4. HP: 38/38 MP: 5/5
  1556 | D:3      | Reached skill level 1 in Conjurations
  1556 | D:3      | Reached skill level 1 in Hexes
  1556 | D:3      | Reached skill level 1 in Summonings
  1556 | D:3      | Reached skill level 1 in Necromancy
  1556 | D:3      | Reached skill level 1 in Translocations
  1556 | D:3      | Reached skill level 1 in Transmutations
  1556 | D:3      | Reached skill level 1 in Fire Magic
  1556 | D:3      | Reached skill level 1 in Ice Magic
  1556 | D:3      | Reached skill level 1 in Air Magic
  1556 | D:3      | Reached skill level 1 in Earth Magic
  1556 | D:3      | Reached skill level 1 in Poison Magic
  1556 | D:3      | Found a glowing drain.
  1565 | Sewer    | Entered a sewer
  1793 | Sewer    | Reached XP level 5. HP: 39/43 MP: 7/7
  1834 | Sewer    | Splashed by a jelly's acid

Illustrated notes

Levels and vault maps discovered:
D:1:      arrival_zaba_pyramid, layout_basic,
          hellmonk_ecumenical_altar_inner_sanctum
D:2:      layout_basic
D:3:      layout_basic, portal_sewer_entry_d, uniq_robin
Sewer:    sewer_hellmonk_slimy_pipes

Skill      XL: |  1  2  3  4 |
---------------+-------------+-----
Invocations    | 1 |  1.5
Short Blades   | 1 |  1.4
Long Blades    | 1 |  1.4
Axes           | 1 |  1.4
Maces & Flails | 1 |  1.4
Polearms       | 1 |  1.4
Staves         | 1 |  1.4
Throwing       | 1 |  1.4
Armour         | 1 |  1.4
Shields        | 1 |  1.4
Unarmed Combat | 1 |  1.4
Spellcasting   | 1 |  1.4
Evocations     | 1 |  1.4
Conjurations   | 1 |  1.1
Hexes          | 1 |  1.1
Summonings     | 1 |  1.1
Necromancy     | 1 |  1.1
Translocations | 1 |  1.1
Transmutations | 1 |  1.1
Fire Magic     | 1 |  1.1
Ice Magic      | 1 |  1.1
Air Magic      | 1 |  1.1
Earth Magic    | 1 |  1.1
Poison Magic   | 1 |  1.1
Fighting       | |  4.7
Ranged Weapons | |  8.6
Dodging        | |  4.7
Stealth        | |  2.7

Action                   |  1- 3 |  4- 6 || total
-------------------------+-------+-------++-------
 Fire: Shortbow          |    56 |    73 ||   129
Armor: Leather armour    |     2 |     4 ||     6
Dodge: Dodged            |     9 |    31 ||    40
